 Dungeon Crawl Stone Soup version 0.29.1-15-g9cfb28693d (webtiles) character file.

Game seed: 9538938114736011110

35 leafyfresh the Sneak (level 3, 0/26 HPs)
             Began as an Octopode Delver on Apr 18, 2023.
             Slain by a phantom (4 damage)
             ... on level 5 of the Dungeon.
             The game lasted 00:00:31 (85 turns).

leafyfresh the Sneak (Octopode Delver)                Turns: 85, Time: 00:00:31

Health: 0/26       AC:  1    Str: 11    XL:     3   Next: 33%
Magic:  3/3        EV: 13    Int: 14    God:
Gold:   15         SH:  0    Dex: 13    Spells: 2/2 levels left

rFire   . . .      SeeInvis .   a - +0 short sword
rCold   . . .      Faith    .   (no shield)
rNeg    . . .      Spirit   .   (helmet restricted)
rPois   .          Reflect  .   (no amulet)
rElec   .          Harm     .   (no ring)
rCorr   .          Rampage  .   (no ring)
Will    .....                   (no ring)
Stlth   +++++.....              (no ring)
HPRegen 0.08/turn               (no ring)
MPRegen 0.08/turn               (no ring)
                                (no ring)
                                (no ring)

@: no status effects
A: almost no armour, amphibious, 8 rings, camouflage 1, gelatinous body 1,
nimble swimmer 1, tentacles
a: no special abilities


You were on level 5 of the Dungeon.
You visited 1 branch of the dungeon, and saw 1 of its levels.

You collected 15 gold pieces.

Inventory:

Hand Weapons
 a - a +0 short sword (weapon)
Wands
 f - a wand of digging (3)
Scrolls
 b - a scroll of fog
 c - a scroll of magic mapping
 d - a scroll of fear
Potions
 e - a potion of haste


   Skills:
 + Level 3.4 Fighting
 - Level 2.0 Short Blades
 + Level 2.6 Dodging
 + Level 7.1 Stealth


You had 2 spell levels left.
You didn't know any spells.
Your spell library was empty.

Dungeon Overview and Level Annotations

Branches:
Dungeon (5/15)
 Temple: D:4-7

Altars:
Xom


Innate Abilities, Weirdness & Mutations

You cannot wear most types of armour.
You are amphibious.
You can wear up to eight rings at the same time.
Your skin changes colour to match your surroundings (Stealth+).
Your rubbery body absorbs attacks. (AC +1, EV +1)
You are camouflaged when in or above water. (Stealth+)
You have tentacles for arms and can constrict up to eight enemies at once.


Message History

A nearby plant withers and dies.
The quokka misses you.
You hit the quokka but do no damage. You grab the quokka.
Your squeeze misses the quokka. You constrict the quokka. The quokka bites you.
You hit the quokka.
You kill the quokka!
You hit the phantom but do no damage. Your squeeze misses the phantom.
The phantom hits you but does no damage.
You closely miss the phantom. The phantom closely misses you.
You barely miss the phantom. The phantom hits you!
The phantom blinks!
You blink.
Floosh!
Found a scroll labelled VASKOOTICHA, 6 stones and 16 gold pieces.
The phantom attacks as you move away! The phantom closely misses you.
You hit the phantom.
The phantom is lightly damaged.
The phantom hits you.
You completely miss the phantom.
The phantom is lightly damaged.
The phantom hits you.
The phantom blinks!
You blink.
Floosh!
You are too injured to fight recklessly!
You are too injured to fight recklessly!
You are too injured to fight recklessly!
You are too injured to fight recklessly!
You are too injured to fight recklessly!
You barely miss the phantom. You squeeze the phantom.
The phantom is lightly damaged.
The phantom hits you.
The phantom blinks!
You blink.
Floosh!
The phantom hits you.
* * * LOW HITPOINT WARNING * * *
The phantom blinks!
You blink.
Floosh!
You miss the phantom.
The phantom is lightly damaged.
The phantom closely misses you.
You hit the phantom but do no damage. Your squeeze misses the phantom.
The phantom is lightly damaged.
The phantom hits you.
You die...

## ♣♣♣~~P~~~~~~~~~♣♣P♣~.....
##.♣♣♣~P~~~~≈≈~~≈~~~P~P~PP.#
#~♣~~~~P~~~≈≈≈≈o~≈~~~♣~~~~?#
~♣~~♣~~~~~≈≈≈≈≈≈≈≈≈~~~~~~~~#
♣~~~~~~~≈≈≈≈≈≈≈≈≈≈§≈~~P♣~~P~#
♣~~~~~~≈≈≈≈≈≈≈≈≈≈≈≈~PP~~~~♣~#
♣P~~~~~o≈≈≈≈≈≈≈≈≈≈≈~~~~~P~~~
♣~~~♣~~~≈≈≈≈≈≈≈≈≈≈~~~~~~♣~♣..
.~~~~~♣P~~~≈≈≈≈≈@≈~P~~~P~P(
..
..P~♣~~~~~~≈≈≈P≈~W~♣P~♣♣♣...
. ....♣♣♣P♣♣~~P~~~~~P♣♣~♣ ...
.....♣ ♣♣~♣♣♣~♣♣♣♣♣♣ ~#
##o### ♣P~ ## #.# ## #.# #.#
#.#


You could see a phantom and an orc priest.

Vanquished Creatures
  An iguana (D:5)
  An adder (D:5)
  A quokka (D:5)
3 creatures vanquished.

Vanquished Creatures (others)
  5 plants (D:5)
5 creatures vanquished.

Grand Total: 8 creatures vanquished

Notes
Turn   | Place    | Note
-------+----------+-------------------------------------------
     0 | D:5      | leafyfresh the Octopode Delver began the quest for the Orb.
     0 | D:5      | Reached XP level 1. HP: 16/16 MP: 1/1
     4 | D:5      | Found a shimmering altar of Xom.
    16 | D:5      | Noticed an ice beast
    16 | D:5      | Noticed an orc priest
    50 | D:5      | Reached XP level 2. HP: 21/21 MP: 2/2
    66 | D:5      | Reached skill level 7 in Stealth
    66 | D:5      | Reached XP level 3. HP: 26/26 MP: 3/3
    68 | D:5      | Noticed a phantom
    85 | D:5      | Slain by a phantom

Illustrated notes

Levels and vault maps discovered:
D:5:      layout_loops_corners, mainiacjoe_overflow_boulevard, serial_bayou,
          serial_bayou_crossing, serial_bayou_lagoon_b, serial_bayou_lake_a,
          serial_bayou_ford_a, cheibrodos_sewer_entry_drain, minmay_manual_mess,
          uniq_eustachio, uniq_pikel

Skill      XL: |  1  2 |
---------------+-------+-----
Stealth        | 7 |  7.1
Fighting       | |  3.4
Short Blades   | |  2.0
Dodging        | |  2.6

Action                   || total
-------------------------++-------
Melee: Short sword       ||    15
       Constrict         ||     4
       Tentacles         ||     4
       Punch             ||     1
 Stab: Sleeping          ||     2
Armor: Skin              ||     1
Dodge: Dodged            ||     4
